TOP OF THE 1ST |
Idaho Falls Chukars batting - Pitching for Mahoning Valley Scrappers : LHP Heath Ryland
|
Pitching: LHP Heath Ryland
|
|
Batting: SHB Ryoji Hiraoka
|
0-0: Called Strike 0-1: Ball 1-1: Ball 2-1: Foul Ball, location: 2F 2-2: Ball 3-2: Base on Balls
|
Batting: RHB Kevin Allen
|
0-0: Fly out, F3 (Popup, 3S, EV 59.4 MPH)
|
Batting: LHB David Bearden
|
0-0: Foul Ball, location: 2F 0-1: Ball Ryoji Hiraoka is caught stealing 2nd base 2-6 1-1: Called Strike 1-2: Ball 2-2: Ball 3-2: Strikes out swinging
|
Top of the 1st over - 0 runs, 0 hits, 0 errors, 0 left on base; Idaho Falls 0 - Mahoning Valley 0 |
BOTTOM OF THE 1ST |
Mahoning Valley Scrappers batting - Pitching for Idaho Falls Chukars : RHP Philip Terrell
|
Pitching: RHP Philip Terrell
|
|
Batting: RHB Carlos Lopez
|
0-0: Called Strike 0-1: Swinging Strike 0-2: Ball 1-2: Hit by Pitch
|
Batting: RHB Jonathan Underhill
|
0-0: Ball 1-0: Ball Carlos Lopez steals 2nd base 2-0: Ball 3-0: Base on Balls
|
Batting: LHB Bobby Upton
|
0-0: Foul Ball, location: 2F 0-1: Ball 1-1: Ball 2-1: Foul Ball, location: 2F 2-2: Ball 3-2: Base on Balls Carlos Lopez to third Jonathan Underhill to second
|
Batting: RHB Mike Sims
|
0-0: DOUBLE (Line Drive, 78D, EV 101.9 MPH) Carlos Lopez scores Jonathan Underhill scores Bobby Upton to third
|
Batting: SHB Joe Zeiset
|
0-0: Called Strike 0-1: Foul Ball, location: 2F 0-2: Foul Ball, location: 2F 0-2: Strikes out looking
|
Pitching: RHP Gary Ackerman
|
|
Batting: RHB Chris Diaz
|
0-0: Called Strike 0-1: Swinging Strike 0-2: Ball 1-2: Foul Ball, location: 2F 1-2: Foul Ball, location: 2F 1-2: Strikes out swinging
|
Batting: RHB Koen van Oort
|
0-0: Foul Ball, location: 2F 0-1: Ball Wild Pitch! Bobby Upton scores Mike Sims to third 1-1: Ball 2-1: Foul Ball, location: 2F 2-2: Ball 3-2: Foul Ball, location: 2F 3-2: SINGLE (Line Drive, 8RS, EV 111.3 MPH) Mike Sims scores
|
Batting: RHB Zachary Sidney
|
0-0: Called Strike 0-1: Foul Ball, location: 2F 0-2: Ball 1-2: Strikes out swinging
|
Bottom of the 1st over - 4 runs, 2 hits, 0 errors, 1 left on base; Idaho Falls 0 - Mahoning Valley 4 |
TOP OF THE 2ND |
Idaho Falls Chukars batting - Pitching for Mahoning Valley Scrappers : LHP Heath Ryland
|
Batting: RHB Eric Erickson
|
0-0: Called Strike 0-1: Swinging Strike 0-2: Ground out 4-3 (Groundball, 4, EV 88.8 MPH)
|
Batting: RHB Ben Minge
|
0-0: Ball 1-0: Foul Ball, location: 2F 1-1: Foul Ball, location: 2F 1-2: Ball 2-2: Ground out 6-3 (Groundball, 6, EV 82.5 MPH)
|
Batting: LHB Josh Dalton
|
0-0: Foul Ball, location: 2F 0-1: Ball 1-1: Ball 2-1: Ball 3-1: Fly out, F7 (Flyball, 7S, EV 88.8 MPH)
|
Top of the 2nd over - 0 runs, 0 hits, 0 errors, 0 left on base; Idaho Falls 0 - Mahoning Valley 4 |
BOTTOM OF THE 2ND |
Mahoning Valley Scrappers batting - Pitching for Idaho Falls Chukars : RHP Gary Ackerman
|
Batting: RHB Nelson Trujillo
|
0-0: Ball 1-0: SOLO HOME RUN (Flyball, 78XD, EV 105.0 MPH), Distance : 414 ft
|
Pitching: RHP Austin Aubuchon
|
|
Batting: RHB Carlos Lopez
|
0-0: Ball 1-0: Called Strike 1-1: Ball 2-1: Swinging Strike 2-2: Strikes out swinging
|
Batting: RHB Jonathan Underhill
|
0-0: Ball 1-0: Foul Ball, location: 2F 1-1: Ball 2-1: Foul Ball, location: 2F 2-2: Ground out 6-3 (Groundball, 6M, EV 104.4 MPH)
|
Batting: LHB Bobby Upton
|
0-0: Ball 1-0: Ball 2-0: TRIPLE (Flyball, 89XD, EV 93.1 MPH)
|
Batting: RHB Mike Sims
|
0-0: Ball 1-0: Ball 2-0: SINGLE (Flyball, 5D, EV 88.1 MPH) Bobby Upton scores
|
Batting: SHB Joe Zeiset
|
0-0: Ball 1-0: SINGLE (Line Drive, 7LS, EV 108.1 MPH) Mike Sims to second
|
Batting: RHB Chris Diaz
|
0-0: Ball 1-0: Ball 2-0: Called Strike 2-1: Hit by Pitch Mike Sims to third Joe Zeiset to second
|
Batting: RHB Koen van Oort
|
0-0: Foul Ball, location: 2F 0-1: Ball 1-1: Swinging Strike 1-2: Ball 2-2: Foul Ball, location: 2F 2-2: Ball 3-2: Base on Balls Mike Sims scores Joe Zeiset to third Chris Diaz to second
|
Batting: RHB Zachary Sidney
|
0-0: Foul Ball, location: 2F 0-1: Foul Ball, location: 2F 0-2: Ball 1-2: SINGLE (Groundball, 56D, EV 96.3 MPH) Joe Zeiset scores Chris Diaz to third Koen van Oort to second Runner from 3rd tries for Home, SAFE, throw by LF to home
|
Batting: RHB Nelson Trujillo
|
0-0: Swinging Strike 0-1: Swinging Strike 0-2: Strikes out swinging
|
Bottom of the 2nd over - 5 runs, 5 hits, 0 errors, 2 left on base; Idaho Falls 0 - Mahoning Valley 9 |
TOP OF THE 3RD |
Idaho Falls Chukars batting - Pitching for Mahoning Valley Scrappers : LHP Heath Ryland
|
Batting: LHB Joe Cozart
|
0-0: Ball 1-0: Ball 2-0: SINGLE (Groundball, 6D, EV 96.3 MPH)
|
Batting: RHB Edwin Ramos
|
0-0: Ball 1-0: Ball 2-0: Foul Ball, location: 2F 2-1: Ball 3-1: Foul Ball, location: 2F 3-2: SINGLE (Groundball, 56D, EV 98.1 MPH) Joe Cozart to second
|
Batting: RHB Timotheus Cooper
|
0-0: Ball 1-0: Ball Wild Pitch! Joe Cozart to third Edwin Ramos to second 2-0: Ball 3-0: Called Strike 3-1: Called Strike 3-2: Foul Ball, location: 2F 3-2: Base on Balls
|
Batting: SHB Ryoji Hiraoka
|
0-0: Called Strike 0-1: Swinging Strike 0-2: Ball Passed Ball! Joe Cozart scores Edwin Ramos to third Timotheus Cooper to second 1-2: Ground out 4-3 (Groundball, 34, EV 103.8 MPH) Edwin Ramos scores Timotheus Cooper to third
|
Batting: RHB Kevin Allen
|
0-0: Called Strike 0-1: Foul Ball, location: 2F 0-2: Hit by Pitch
|
Batting: LHB David Bearden
|
0-0: Ball 1-0: Ball 2-0: DOUBLE (Line Drive, 89M, EV 95.6 MPH) Timotheus Cooper scores Kevin Allen to third
|
Batting: RHB Eric Erickson
|
0-0: Ball 1-0: SINGLE (Groundball, 4S, EV 68.1 MPH) (infield hit) Kevin Allen scores David Bearden to third
|
Batting: RHB Ben Minge
|
0-0: Called Strike Eric Erickson steals 2nd base 0-1: Called Strike 0-2: Strikes out looking
|
Batting: LHB Josh Dalton
|
0-0: Called Strike 0-1: Swinging Strike 0-2: Ball 1-2: Ball 2-2: Foul Ball, location: 2F 2-2: Strikes out looking
|
Top of the 3rd over - 4 runs, 4 hits, 0 errors, 2 left on base; Idaho Falls 4 - Mahoning Valley 9 |
BOTTOM OF THE 3RD |
Mahoning Valley Scrappers batting - Pitching for Idaho Falls Chukars : RHP Austin Aubuchon
|
Batting: RHB Carlos Lopez
|
0-0: Fly out, F5 (Popup, 5SF, EV 86.9 MPH)
|
Batting: RHB Jonathan Underhill
|
0-0: Ball 1-0: Ball 2-0: Ball 3-0: Base on Balls
|
Batting: LHB Bobby Upton
|
0-0: Ball 1-0: Foul Ball, location: 2F 1-1: Ball 2-1: Ball 3-1: Base on Balls Jonathan Underhill to second
|
Batting: RHB Mike Sims
|
0-0: Ball 1-0: Called Strike 1-1: Foul Ball, location: 2F 1-2: Ball Wild Pitch! Jonathan Underhill to third Bobby Upton to second 2-2: SINGLE (Groundball, 6S, EV 69.4 MPH) (infield hit) Jonathan Underhill scores Bobby Upton to third
|
Batting: SHB Joe Zeiset
|
0-0: Foul Ball, location: 2F 0-1: SINGLE (Line Drive, 89M, EV 111.3 MPH) Bobby Upton scores Mike Sims to second
|
Batting: RHB Chris Diaz
|
0-0: Ball 1-0: Ball 2-0: Ball 3-0: Called Strike 3-1: Base on Balls Mike Sims to third Joe Zeiset to second
|
Batting: RHB Koen van Oort
|
0-0: Ball 1-0: Ball 2-0: Ball 3-0: Base on Balls Mike Sims scores Joe Zeiset to third Chris Diaz to second
|
Pitching: RHP Adam Krieger
|
|
Batting: RHB Zachary Sidney
|
0-0: Fielders Choice at 2nd, 3-6 (Groundball, 34S, EV 93.1 MPH) Joe Zeiset scores Chris Diaz to third
|
Batting: RHB Nelson Trujillo
|
0-0: SINGLE (Flyball, 7S, EV 91.3 MPH) Chris Diaz scores Zachary Sidney to second
|
Batting: RHB Carlos Lopez
|
0-0: TRIPLE (Line Drive, 89XD, EV 113.1 MPH) Zachary Sidney scores Nelson Trujillo scores
|
Batting: RHB Jonathan Underhill
|
0-0: Foul Ball, location: 2F 0-1: Fly out, F8 (Flyball, 8LD, EV 88.8 MPH)
|
Bottom of the 3rd over - 7 runs, 4 hits, 0 errors, 1 left on base; Idaho Falls 4 - Mahoning Valley 16 |
TOP OF THE 4TH |
Idaho Falls Chukars batting - Pitching for Mahoning Valley Scrappers : LHP Heath Ryland
|
Batting: LHB Joe Cozart
|
0-0: Foul Ball, location: 2F 0-1: Called Strike 0-2: Foul Ball, location: 2F 0-2: Foul Ball, location: 2F 0-2: Ground out 3-1 (Groundball, 34, EV 84.4 MPH)
|
Batting: RHB Edwin Ramos
|
0-0: Ball 1-0: Ball 2-0: Called Strike 2-1: Foul Ball, location: 2F 2-2: Strikes out swinging
|
Batting: RHB Timotheus Cooper
|
0-0: Swinging Strike 0-1: Fly out, F7 (Flyball, 7S, EV 83.8 MPH)
|
Top of the 4th over - 0 runs, 0 hits, 0 errors, 0 left on base; Idaho Falls 4 - Mahoning Valley 16 |
BOTTOM OF THE 4TH |
Mahoning Valley Scrappers batting - Pitching for Idaho Falls Chukars : RHP Adam Krieger
|
Batting: LHB Bobby Upton
|
0-0: Ball 1-0: Ball 2-0: Called Strike 2-1: Swinging Strike 2-2: Ball 3-2: Base on Balls
|
Batting: RHB Mike Sims
|
0-0: Called Strike 0-1: Swinging Strike 0-2: Ball 1-2: Ball 2-2: Ground out 6-3 (Groundball, P, EV 87.5 MPH) Bobby Upton to second
|
Batting: SHB Joe Zeiset
|
0-0: Reached on error, E4 (Groundball, 34D, EV 87.5 MPH) Bobby Upton to third
|
Batting: RHB Chris Diaz
|
0-0: Called Strike 0-1: DOUBLE (Groundball, 5L, EV 100.0 MPH) Bobby Upton scores Joe Zeiset to third Runner from 3rd tries for Home, throw by LF and OUT! 7-6-2 Chris Diaz to third
|
Batting: RHB Koen van Oort
|
0-0: Ball 1-0: Ball 2-0: Foul Ball, location: 2F 2-1: Foul Ball, location: 2F Balk! Chris Diaz scores 2-2: SINGLE (Flyball, 6MD, EV 83.1 MPH)
|
Batting: RHB Zachary Sidney
|
Balk! Koen van Oort to second 0-0: Ground out 6-3 (Groundball, 6, EV 86.3 MPH)
|
Bottom of the 4th over - 2 runs, 2 hits, 1 error, 1 left on base; Idaho Falls 4 - Mahoning Valley 18 |
TOP OF THE 5TH |
Idaho Falls Chukars batting - Pitching for Mahoning Valley Scrappers : LHP Heath Ryland
|
Batting: SHB Ryoji Hiraoka
|
0-0: Ball 1-0: SINGLE (Groundball, 56D, EV 100.0 MPH)
|
Batting: RHB Kevin Allen
|
0-0: Called Strike 0-1: Ball 1-1: Ball 2-1: Ball Wild Pitch! Ryoji Hiraoka to second 3-1: Called Strike 3-2: TRIPLE (Flyball, 9LD, EV 101.9 MPH) Ryoji Hiraoka scores
|
Batting: LHB David Bearden
|
0-0: Called Strike 0-1: Foul Ball, location: 2F 0-2: Ground out 4-3 (Groundball, 4MD, EV 95.6 MPH) Kevin Allen scores
|
Batting: RHB Eric Erickson
|
0-0: Ball 1-0: Foul Ball, location: 2F 1-1: Ball 2-1: Foul Ball, location: 2F 2-2: Foul Ball, location: 2F 2-2: Ball 3-2: Foul Ball, location: 2F 3-2: Strikes out swinging
|
Pitching: RHP Howard Allen
|
|
Batting: RHB Ben Minge
|
0-0: Ball 1-0: Called Strike 1-1: Swinging Strike 1-2: Ball 2-2: Ball 3-2: Strikes out swinging
|
Top of the 5th over - 2 runs, 2 hits, 0 errors, 0 left on base; Idaho Falls 6 - Mahoning Valley 18 |
BOTTOM OF THE 5TH |
Mahoning Valley Scrappers batting - Pitching for Idaho Falls Chukars : RHP Adam Krieger
|
Batting: RHB Nelson Trujillo
|
0-0: SINGLE (Groundball, 6, EV 99.4 MPH)
|
Batting: RHB Carlos Lopez
|
0-0: Called Strike 0-1: Ball 1-1: Fielders Choice at 2nd, 6-4 (Groundball, 6, EV 88.8 MPH)
|
Batting: RHB Jonathan Underhill
|
0-0: Called Strike 0-1: Ball Passed Ball! Carlos Lopez to second Balk! Carlos Lopez to third 1-1: Called Strike 1-2: Ground out 1-3 (Groundball, 25, EV 71.3 MPH)
|
Batting: LHB Bobby Upton
|
0-0: Ball 1-0: SINGLE (Groundball, 4D, EV 96.9 MPH) Carlos Lopez scores
|
Batting: RHB Mike Sims
|
0-0: Swinging Strike 0-1: Ball Wild Pitch! Bobby Upton to second 1-1: Foul Ball, location: 2F 1-2: Strikes out swinging
|
Bottom of the 5th over - 1 run, 2 hits, 0 errors, 1 left on base; Idaho Falls 6 - Mahoning Valley 19 |
TOP OF THE 6TH |
Idaho Falls Chukars batting - Pitching for Mahoning Valley Scrappers : RHP Howard Allen
|
Batting: LHB Josh Dalton
|
0-0: Ball 1-0: Ball 2-0: Called Strike 2-1: Foul Ball, location: 2F 2-2: Strikes out swinging
|
Batting: LHB Joe Cozart
|
0-0: Called Strike 0-1: Ground out U3 (Groundball, 34, EV 109.4 MPH)
|
Batting: RHB Edwin Ramos
|
0-0: Called Strike 0-1: Foul Ball, location: 2F 0-2: SOLO HOME RUN (Flyball, 89XD, EV 99.4 MPH), Distance : 401 ft
|
Batting: RHB Timotheus Cooper
|
0-0: Called Strike 0-1: Swinging Strike 0-2: Ball 1-2: Ball 2-2: Ball 3-2: Strikes out looking
|
Top of the 6th over - 1 run, 1 hit, 0 errors, 0 left on base; Idaho Falls 7 - Mahoning Valley 19 |
BOTTOM OF THE 6TH |
Mahoning Valley Scrappers batting - Pitching for Idaho Falls Chukars : RHP Adam Krieger
|
Batting: SHB Joe Zeiset
|
0-0: TRIPLE (Flyball, 89XD, EV 111.9 MPH)
|
Batting: RHB Chris Diaz
|
0-0: Called Strike 0-1: Ground out 4-3 (Groundball, 4, EV 103.1 MPH) Joe Zeiset scores
|
Pitching: RHP Chad Sullivan
|
|
Batting: RHB Koen van Oort
|
0-0: Ball 1-0: Foul Ball, location: 2F 1-1: Ball 2-1: Ball 3-1: Base on Balls
|
Batting: RHB Zachary Sidney
|
0-0: Ball 1-0: Called Strike 1-1: Fielders Choice at 2nd, 1-4 (Groundball, P, EV 67.5 MPH)
|
Batting: RHB Nelson Trujillo
|
0-0: Ball 1-0: Called Strike 1-1: Foul Ball, location: 2F 1-2: Strikes out swinging
|
Bottom of the 6th over - 1 run, 1 hit, 0 errors, 1 left on base; Idaho Falls 7 - Mahoning Valley 20 |
TOP OF THE 7TH |
Idaho Falls Chukars batting - Pitching for Mahoning Valley Scrappers : RHP Howard Allen
|
Batting: SHB Ryoji Hiraoka
|
0-0: Ground out U3 (Groundball, 34S, EV 62.5 MPH)
|
Pinch Hitting: LHB Randy Stapleton
|
0-0: Foul Ball, location: 2F 0-1: Ball 1-1: Hit by Pitch
|
Pinch Runner at 1st Manny Berrones:
|
|
Batting: LHB David Bearden
|
0-0: Fly out, F7 (Flyball, 78S, EV 79.4 MPH)
|
Batting: RHB Eric Erickson
|
0-0: Ball 1-0: Swinging Strike 1-1: Ball 2-1: Swinging Strike 2-2: Strikes out swinging
|
Top of the 7th over - 0 runs, 0 hits, 0 errors, 1 left on base; Idaho Falls 7 - Mahoning Valley 20 |
BOTTOM OF THE 7TH |
Mahoning Valley Scrappers batting - Pitching for Idaho Falls Chukars : RHP Chad Sullivan
|
Now in CF: Justin Goff
|
|
Now in RF: Josh Dalton
|
|
Pinch Hitting: RHB Ricky Trejo
|
0-0: Foul Ball, location: 2F 0-1: Ball 1-1: Called Strike 1-2: Fly out, F7 (Line Drive, 7, EV 93.8 MPH)
|
Pinch Hitting: LHB Jim Polson
|
0-0: Ball 1-0: Ball 2-0: Called Strike 2-1: Foul Ball, location: 2F 2-2: Ground out U3 (Groundball, 3S, EV 82.5 MPH)
|
Pinch Hitting: RHB Edolf Vlemmings
|
0-0: Ball 1-0: Ball 2-0: SINGLE (Groundball, 13S, EV 71.9 MPH) (infield hit)
|
Pinch Hitting: RHB Allen Wozniak
|
Pickoff Throw to First - Error! E1 Edolf Vlemmings to second 0-0: Foul Ball, location: 2F 0-1: Ball Balk! Edolf Vlemmings to third 1-1: SINGLE (Groundball, 6S, EV 66.3 MPH) (infield hit) Edolf Vlemmings scores
|
Batting: LHB Norihide Takata
|
0-0: Ball 1-0: Swinging Strike Balk! Allen Wozniak to second 1-1: Ball 2-1: Ball 3-1: Foul Ball, location: 2F 3-2: Base on Balls
|
Pinch Hitting: SHB John Gernaat
|
0-0: Ball 1-0: Foul Ball, location: 2F 1-1: Ball 2-1: Ball 3-1: TRIPLE (Line Drive, 78XD, EV 100.0 MPH) Allen Wozniak scores Norihide Takata scores
|
Pinch Hitting: RHB Steve Hasson
|
0-0: Called Strike 0-1: Ball 1-1: Ball 2-1: Ground out 6-3 (Groundball, 6, EV 83.1 MPH)
|
Bottom of the 7th over - 3 runs, 3 hits, 1 error, 1 left on base; Idaho Falls 7 - Mahoning Valley 23 |
TOP OF THE 8TH |
Idaho Falls Chukars batting - Pitching for Mahoning Valley Scrappers : RHP Howard Allen
|
Now at 1B: John Gernaat
|
|
Now at 2B: Allen Wozniak
|
|
Now at 3B: Ricky Trejo
|
|
Now at SS: Jim Polson
|
|
Now in LF: Ricky Cordova
|
|
Now in RF: Edolf Vlemmings
|
|
Batting: RHB Ben Minge
|
0-0: Called Strike 0-1: Foul Ball, location: 2F 0-2: Strikes out swinging
|
Batting: LHB Josh Dalton
|
0-0: Foul Ball, location: 2F 0-1: Foul Ball, location: 2F 0-2: Strikes out looking
|
Batting: LHB Joe Cozart
|
0-0: Swinging Strike 0-1: SINGLE (Groundball, 6MD, EV 106.3 MPH)
|
Batting: RHB Edwin Ramos
|
0-0: Ball 1-0: Called Strike 1-1: DOUBLE (Groundball, 5L, EV 103.8 MPH) Joe Cozart to third
|
Batting: RHB Timotheus Cooper
|
0-0: DOUBLE (Groundball, 5L, EV 105.0 MPH) Joe Cozart scores Edwin Ramos scores
|
Pitching: RHP Terry Sterling
|
|
Batting: SHB Ryoji Hiraoka
|
0-0: Ball 1-0: Swinging Strike 1-1: Foul Ball, location: 2F 1-2: Ball 2-2: Foul Ball, location: 2F 2-2: Strikes out swinging
|
Top of the 8th over - 2 runs, 3 hits, 0 errors, 1 left on base; Idaho Falls 9 - Mahoning Valley 23 |
BOTTOM OF THE 8TH |
Mahoning Valley Scrappers batting - Pitching for Idaho Falls Chukars : RHP Chad Sullivan
|
Pitching: RHP Danny Ballenger
|
|
Batting: RHB Zachary Sidney
|
0-0: Called Strike 0-1: Ball 1-1: SINGLE (Groundball, 6M, EV 102.5 MPH)
|
Batting: RHB Nelson Trujillo
|
0-0: Ball 1-0: SINGLE (Groundball, 56D, EV 106.9 MPH) Zachary Sidney to second
|
Batting: RHB Ricky Trejo
|
0-0: Swinging Strike 0-1: Ball 1-1: Ball 2-1: Ball 3-1: Base on Balls Zachary Sidney to third Nelson Trujillo to second
|
Batting: LHB Jim Polson
|
0-0: Ball 1-0: Grounds into double play, 4-6-3 (Groundball, 4S, EV 82.5 MPH) Zachary Sidney scores Nelson Trujillo to third
|
Batting: RHB Edolf Vlemmings
|
0-0: Ball 1-0: Ground out 5-3 (Groundball, 56S, EV 87.5 MPH)
|
Bottom of the 8th over - 1 run, 2 hits, 0 errors, 1 left on base; Idaho Falls 9 - Mahoning Valley 24 |
TOP OF THE 9TH |
Idaho Falls Chukars batting - Pitching for Mahoning Valley Scrappers : RHP Terry Sterling
|
Batting: RHB Justin Goff
|
0-0: Ball 1-0: Ball 2-0: Called Strike 2-1: Ball 3-1: Foul Ball, location: 2F 3-2: Base on Balls
|
Batting: LHB David Bearden
|
0-0: Ball 1-0: Grounds into double play, 6-4-3 (Groundball, 6, EV 85.6 MPH)
|
Batting: RHB Eric Erickson
|
0-0: Ball 1-0: Fly out, F9 (Line Drive, 9, EV 96.9 MPH)
|
Top of the 9th over - 0 runs, 0 hits, 0 errors, 0 left on base; Idaho Falls 9 - Mahoning Valley 24 |
|